 Dungeon Crawl Stone Soup version 0.31-a0-210-gccc998df9b (webtiles) character file.

Game seed: 13876716153074031186

36 qw the Shooter (level 3, -1/21 HPs)
             Began as a Gargoyle Hexslinger on June 29, 2023.
             Slain by Terence
             ... wielding a +0 mace
              (3 damage)
             ... on level 2 of the Dungeon.
             The game lasted 00:00:25 (1268 turns).

qw the Shooter (Gargoyle Hexslinger)                Turns: 1268, Time: 00:00:25

Health: -1/21      AC:  8    Str: 11    XL:     3   Next: 37%
Magic:  4/4        EV: 10    Int: 13    God:
Gold:   79         SH:  0    Dex: 14    Spells: 3/4 levels left

rFire   . . .        Y - +1 sling
rCold   . . .        (no shield)
rNeg    + . .        d - +0 ring mail
rPois   inf          (no helmet)
rElec   +            (no cloak)
rCorr   .            (no gloves)
SInv    .            (no boots)
Will    .....        f - amulet of faith
Stlth   +            (no ring)
HPRegen 0.23/turn    (no ring)
MPRegen 0.09/turn

%: faith
@: no status effects
A: sickness immunity, AC +3, negative energy resistance 1, electricity
resistance, torment resistance 1, petrification resistance
a: no special abilities


You were on level 2 of the Dungeon.
You visited 1 branch of the dungeon, and saw 2 of its levels.

You collected 79 gold pieces.


Innate Abilities, Weirdness & Mutations

You are immune to sickness and miasma.
Your stone body is resilient. (AC +3)
You are immune to poison.
You resist negative energy. (rN+)
You are resistant to electric shocks. (rElec)
You are resistant to unholy torment.
You are immune to petrification.


   Skills:
 - Level 2.0 Fighting
 + Level 3.3 Ranged Weapons
 - Level 1.5 Dodging
 - Level 1.0 Spellcasting
 - Level 2.6 Hexes


You had 3 spell levels left.
You knew the following spells:

 Your Spells              Type           Power      Damage    Failure   Level
a - Slow                  Hex            28%        N/A       22%         1

Your spell library contained the following spells:

 Spells                   Type           Power      Damage    Failure   Level
 Inner Flame              Hex/Fire       4%         N/A       75%         3
 Portal Projectile        Hex/Tloc       8%         N/A       75%         3
 Cause Fear               Hex            3%         N/A       92%         4

Inventory:

Hand Weapons
 Y - a +1 sling (weapon)
Armour
 d - a +0 ring mail (worn)
Jewellery
 a - an amulet of regeneration
 f - an amulet of faith (around neck)
 l - a ring of ice
Scrolls
 c - 3 scrolls of identify {unknown}
Potions
 b - a potion of might {unknown}
 e - a potion of invisibility {unknown}
 g - a potion of curing {unknown}
 h - a potion of magic {unknown}
 i - 2 potions of brilliance {unknown}
 j - a potion of lignification {unknown}
 k - a potion of enlightenment {unknown}
 m - a potion of ambrosia {unknown}

Dungeon Overview and Level Annotations

Branches:
Dungeon (2/15)

Altars:

Annotations:
D:2 Terence


Message History

Enter note: You shoot a sling bullet.
The sling bullet hits Terence.
Terence is moderately wounded.
You shoot a sling bullet.
The sling bullet hits Terence but does no damage.
Terence is moderately wounded.
You shoot a sling bullet. The sling bullet hits Terence.
Terence is moderately wounded.
You shoot a sling bullet.
The sling bullet hits Terence but does no damage.
Terence is moderately wounded.
You shoot a sling bullet.
The sling bullet hits Terence but does no damage.
Terence is moderately wounded.
Terence hits you with a +0 mace.
You shoot a sling bullet. The sling bullet hits Terence.
Terence is heavily wounded.
Terence misses you.
You shoot a sling bullet. The sling bullet barely misses Terence.
Terence hits you but does no damage.
Terence says, "Don't bother to defend, it's senseless."
Terence hits you with a +0 mace.
You shoot a sling bullet. The sling bullet hits Terence.
Terence is heavily wounded.
Terence hits you with a +0 mace.
You shoot a sling bullet. The sling bullet barely misses Terence.
Terence hits you with a +0 mace. x2
You shoot a sling bullet. The sling bullet barely misses Terence.
Terence misses you.
You shoot a sling bullet.
The sling bullet hits Terence but does no damage.
Terence is heavily wounded.
Terence closely misses you.
You shoot a sling bullet.
The sling bullet closely misses Terence.
Terence hits you with a +0 mace. Terence hits you but does no damage.
You shoot a sling bullet. The sling bullet hits Terence.
Terence is heavily wounded.
Terence hits you with a +0 mace.
You die...

#.........###.##
.#####..## ##.## #.##
##.# ####..##
##.######## .#
##......###..........
...#...#....#.#########.
.......#.#.#.# #.
#.....#.#.#.# #.
#.....@.#.# # #.
#.#..@###.# ####.
.....#. #.... #.## ..
#.##. # #.# #.... #.
#...# #. ##.... ..
#..#.. #.....


You could see Terence (resistant).

Vanquished Creatures
  2 ball pythons (D:1)
  5 endoplasms
  2 giant cockroaches (D:1)
  6 goblins
  A hobgoblin (D:1)
  4 jackals (D:1)
  A quokka (D:1)
  4 bats
  A frilled lizard (D:1)
  A kobold (D:1)
  4 rats (D:1)
31 creatures vanquished.

Notes
Turn   | Place    | Note
-------+----------+-------------------------------------------
     0 | D:1      | qw the Gargoyle Hexslinger began the quest for the Orb.
     0 | D:1      | Reached XP level 1. HP: 12/12 MP: 2/2
     0 | D:1      | 0 ||| qw: Version: 0.3-a-24-ga2abf7b
     0 | D:1      | 0 ||| qw: Game counter: 6756
     0 | D:1      | 0 ||| qw: Melee chars always use a shield: true
     0 | D:1      | 0 ||| qw: God list: Okawaru
     0 | D:1      | 0 ||| qw: Allow faded altars: false
     0 | D:1      | 0 ||| qw: Do Orc after clearing Dungeon:15 true
     0 | D:1      | 0 ||| qw: Do second Lair branch before Depths: true
     0 | D:1      | 0 ||| qw: Lair rune preference: random
     0 | D:1      | 0 ||| qw: Goals: Normal
     0 | D:1      | 0 ||| PLANNING D:1-11
    84 | D:1      | Reached XP level 2. HP: 15/16 MP: 3/3
   179 | D:1      | Reached skill level 3 in Ranged Weapons
   695 | D:1      | Reached XP level 3. HP: 21/21 MP: 4/4
  1042 | D:1      | 1042 ||| UPGRADING to +0 ring mail.
  1052 | D:1      | 1052 ||| DROPPING +0 robe.
  1053 | D:1      | 1053 ||| UPGRADING to amulet of faith.
  1058 | D:1      | 1058 ||| READING scroll labelled FOYCEMEO BECUE.
  1058 | D:1      | Identified a scroll of acquirement
  1058 | D:1      | 1058 ||| ACQUIRING amulet of regeneration
  1058 | D:1      | Acquired an amulet of regeneration
  1060 | D:1      | 1060 ||| DROPPING scroll of poison.
  1255 | D:2      | Noticed Terence
  1264 | D:2      | HP: 3/21 [Terence/+0 mace (4)]
  1267 | D:2      | HP: 1/21 [Terence/+0 mace (3)]
  1268 | D:2      | Slain by Terence

Levels and vault maps discovered:
D:1:      evilmike_arrival_rings, layout_loops_corners, serial_forest,
          infiniplex_forest_corner_1, infiniplex_forest_lined_corner,
          infiniplex_forest_diagonal, infiniplex_forest_clump_curved,
          infiniplex_forest_corner_1, infiniplex_forest_clump_long,
          infiniplex_forest_clump_medium, infiniplex_forest_clump_small,
          infiniplex_forest_clump_curved, minmay_small_reverse_x
D:2:      layout_loops_ring, minmay_misc_feat_plants, uniq_terence

Skill      XL: |  1  2  3 |
---------------+----------+-----
Ranged Weapons | 3 |  3.3
Fighting       | 2 |  2.0
Dodging        | |  1.5
Spellcasting   | |  1.0
Hexes          | |  2.6

Action                     || total
---------------------------++-------
   Fire: Sling             ||    97
    Use: Scroll            ||     1
 Armour: Robe              ||    17
         Ring mail         ||     5
  Dodge: Dodged            ||    35

Table legend:
 A = Non-vault XP
 B = Vault XP
 C = Vault XP percentage of total XP
 D = Non-vault monster count
 E = Vault monster count
 F = Vault count percentage of total count
                 A         B        C        D         E       F
            +---------+---------+-------+---------+---------+-------
      Total |      45 |       7 |  13.5 |      27 |       4 |  12.9
            +---------+---------+-------+---------+---------+-------
        D:1 |      36 |       7 |  16.3 |      22 |       4 |  15.4
        D:2 |       9 |       0 |   0.0 |       5 |       0 |   0.0
            +---------+---------+-------+---------+---------+-------
